[Event "*** SCC Grand Prix: Titled Tuesday Blitz"]
[Site "Chess.com"]
[Date "2020.07.07"]
[Round "7"]
[White "Stronger1799"]
[Black "allvim"]
[Result "0-1"]
[WhiteElo "2472"]
[BlackElo "2278"]
[TimeControl "180+1"]
[EndTime "11:19:44 PDT"]
[Termination "allvim won by resignation"]

1. e4 c5 2. Nf3 d6 3. d4 cxd4 4. Nxd4 Nf6 5. Nc3 a6 6. f3 e5 7.
Nb3 h5 8. Be3 Be6 9. Qd2 Be7 10.
O-O-O Nbd7 11. Kb1 Qc7 12. Nd5 Nxd5 13. exd5 Bf5 14.
Bd3 Bxd3 15. Qxd3 Rc8 16. Nd2 Nb6 17. Bxb6 Qxb6 18. g4 hxg4 19. fxg4 Qb4 20. Qf5 O-O 21. h4 Qf4 22. Qd7 Rfe8 23. Rhf1 Qb4 24. c3 Qb5 25. Qf5 Rf8 26. h5 Rxc3 27. Ne4 Re3 28. g5 Re2 29.
Nd2 Qxd5 30. Qc2 Bxg5 31. Ne4 Rxc2 32. Rxd5 Rg2 33. Rxd6 Bf4 34. h6 Bxh6 35. Rd7 f5 36. Nd6 f4 37. Rxb7 f3 38. Ne4 f2 39. Rd7 Rf4 40.
Rd8+ Kh7 41. Nd2 Rg1 42. Re8 Rd4 43. Kc2 Rxd2+ 0-1

[Event "*** SCC Grand Prix: Titled Tuesday Blitz"]
[Site "Chess.com"]
[Date "2020.07.07"]
[Round "7"]
[White "EvgenyRomanov"]
[Black "KNCP_719"]
[Result "1-0"]
[WhiteElo "2630"]
[BlackElo "2475"]
[TimeControl "180+1"]
[EndTime "11:19:45 PDT"]
[Termination "EvgenyRomanov won by resignation"]

1. e4 c6 2. d4 d5 3. e5 c5 4. dxc5 e6 5. a3 Bxc5 6. b4 Be7 7. Nf3 Nd7 8. Bd3 a5 9. b5 Qc7 10. Qe2 Nc5 11. O-O a4 12. Be3 Bd7 13. Rc1 Nh6 14.
Bxh6 gxh6 15. Qe3 Rc8 16. Rf1 Nxd3 17. cxd3 Bxb5 18. Nd4 Bd7 19. Nd2 Qb6 20. N2f3 Rc3 21. Qxh6 Rxd3 22. Qg7 Rf8 23. Rab1 Qa6 24. Qxh7 Rxa3 25.
Rfc1 Ra2 26. h4 Kd8 27. h5 a3 28. h6 Rb2 29. Ra1 a2 30. Qg7 Qb6 31. h7 Rb1 32. Qxf8+ Bxf8 33. h8=Q Ke8 34. Qh7 Rxa1 35. Rxa1 Qb2 36.
Nc2 Qxc2 37. Qxc2 1-0

[Event "*** SCC Grand Prix: Titled Tuesday Blitz"]
[Site "Chess.com"]
[Date "2020.07.07"]
[Round "7"]
[White "fridaywins"]
[Black "TheLawAdv"]
[Result "1-0"]
[WhiteElo "2291"]
[BlackElo "2062"]
[TimeControl "180+1"]
[EndTime "11:19:45 PDT"]
[Termination "fridaywins won by resignation"]

1. e4 c5 2. Nf3 d6 3. d4 cxd4 4. Nxd4 Nf6 5. Nc3 e5 6. Bb5+ Bd7 7. Bxd7+ Qxd7 8. Nde2 Be7 9. O-O O-O 10. f4 exf4 11. Nxf4 Nc6 12. Nfd5 Nxd5 13. Nxd5 Ne5 14. Bf4 Ng6 15.
Bg3 Bg5 16. Kh1 Rac8 17. Rf5 Bh4 18. Bxh4 Nxh4 19. Qg4 Ng6 20. c3 Qe6 21. Raf1 Rc4 22. Nf4 Rxe4 23. Nxe6 Rxg4 24. Nxf8 Nxf8 25. Rxf7 Ng6 26.
Rxb7 Ra4 27. a3 h6 28. h3 Ne5 29. Rd1 Ra6 30. Kh2 Kh7 31. Kg3 Kg6 32. Rd4 Kf6 33.
a4 g5 34. b4 Rc6 35. c4 Nxc4 36. b5 Rc5 37. Rxa7 d5 38. a5 Rxb5 39. a6 Ke5 40.
Rd1 Rb3+ 41. Kh2 Ra3 42. Ra8 Kd6 43. a7 Kc5 44. Rc8+ Kd6 45. a8=Q Rxa8 46. Rxa8 1-0

[Event "*** SCC Grand Prix: Titled Tuesday Blitz"]
[Site "Chess.com"]
[Date "2020.07.07"]
[Round "7"]
[White "Hikaru"]
[Black "VincentKeymer"]
[Result "1-0"]
[WhiteElo "3219"]
[BlackElo "2892"]
[TimeControl "180+1"]
[EndTime "11:19:46 PDT"]
[Termination "Hikaru won by checkmate"]

1. Nf3 d5 2. b3 Nf6 3. Bb2 c6 4. g3 Bg4 5. h3 Bh5 6. d3 Nbd7 7. g4 Bg6 8. Nh4 e5 9. Nd2 Bd6 10. e3 Nc5 11. Nxg6 hxg6 12. Bg2 Ne6 13. a3 a5 14. Qe2 Qe7 15. h4 Nd7 16. g5 f5 17.
gxf6 gxf6 18. c4 Nc7 19. Kd1 O-O-O 20. Kc2 f5 21. h5 gxh5 22. Rxh5 Rxh5 23. Qxh5 e4 24.
d4 Qf6 25. Bh3 Rh8 26. Qxf5 Qxf5 27. Bxf5 Rf8 28. Bxd7+ Kxd7 29. Rf1 b5 30. f3 exf3 31. c5 Bg3 32. Rxf3 Rxf3 33. Nxf3 Ke6 34. Bc3 a4 35. Ba5 axb3+ 36. Kxb3 Ne8 37. Kc2 Nf6 38. Be1 Bc7 39. Kd3 Ne4 40. Nh4 Kf6 41. Ng2 Kf5 42. Bh4 Ke6 43.
Ne1 Kf5 44. Nc2 Ba5 45. Be1 Bxe1 46. Nxe1 Nf2+ 47. Ke2 Ng4 48. Nf3 Ke4 49. Nd2+ Kf5 50. Nf1 Ke4 51. Ng3# 1-0

[Event "*** SCC Grand Prix: Titled Tuesday Blitz"]
[Site "Chess.com"]
[Date "2020.07.07"]
[Round "7"]
[White "GracefulYear"]
[Black "Witik"]
[Result "0-1"]
[WhiteElo "2430"]
[BlackElo "2645"]
[TimeControl "180+1"]
[EndTime "11:19:46 PDT"]
[Termination "Witik won by checkmate"]

1. d4 d5 2. c4 e6 3. Nf3 c6 4. g3 Bd6 5. Bg2 f5 6. O-O Nf6 7. b3 Qe7 8. Bb2 O-O 9. Nbd2 b6 10. Ne5 a5 11. f4 Bb7 12. Rc1 Na6 13. e3 Ne4 14.
Ndf3 c5 15. Qe2 a4 16. Ba1 a3 17. Rfd1 Nb4 18. Kh1 Rf6 19. dxc5 bxc5 20. cxd5 exd5 21. Nd3 Rh6 22. Kg1 Ba6 23. Nfe1 Kh8 24. Qf3 Nxa2 25. Rc2 Nb4 26. Nxb4 cxb4 27. Nd3 Bxd3 28. Rxd3 Nc3 29. Bxc3 bxc3 30. Qxd5 Rf8 31. Rdxc3 Bb8 32. Rc8 Qxe3+ 33.
Kf1 Rf6 34. Re2 Qxe2+ 35. Kxe2 Rxc8 36. Qb7 Re8+ 37. Kd3 Bd6 38. Bc6 Rd8 39. Qb6 Bc7+ 40. Qd4 Rxd4+ 41. Kxd4 a2 42. Bd5 a1=Q+ 43. Kc5 Rb6 44.
b4 Qc3+ 45. Bc4 Qxb4+ 46. Kd5 Qd6# 0-1

[Event "*** SCC Grand Prix: Titled Tuesday Blitz"]
[Site "Chess.com"]
[Date "2020.07.07"]
[Round "7"]
[White "czasnaszachy"]
[Black "Blagorod"]
[Result "1-0"]
[WhiteElo "2244"]
[BlackElo "2091"]
[TimeControl "180+1"]
[EndTime "11:19:46 PDT"]
[Termination "czasnaszachy won on time"]

1. d4 d5 2. c4 Nc6 3. Nc3 dxc4 4. e3 e5 5. d5 Nb4 6. Bxc4 Nf6 7. e4 Bc5 8. Nge2 O-O 9. O-O Bg4 10. a3 Na6 11.
Qc2 c6 12. Bg5 h6 13. Bh4 Nc7 14. Rad1 cxd5 15. Nxd5 Ncxd5 16. Rxd5 Qc8 17. Rxe5 Nd7 18. Rxc5 Qxc5 19. Rd1 Ne5 20. Bxf7+ Nxf7 21. Qxc5 Bxe2 22. Re1 Bd3 23. e5 Rac8 24. Qb4 Rfe8 25. h3 Nxe5 26. Kh1 a5 27. Qb3+ Bc4 28. Qg3 Nf7 29. Rxe8+ Rxe8 30. Kh2 Bd5 31. Qd3 Bc6 32. Qc3 Ne5 33. Bg3 Nf7 34. Qxa5 Re2 35. Qc3 Re8 36. b4 Bd5 37. Qd3 Bc6 38. b5 Be4 39. Qc4 Kf8 40. a4 1-0

[Event "*** SCC Grand Prix: Titled Tuesday Blitz"]
[Site "Chess.com"]
[Date "2020.07.07"]
[Round "7"]
[White "The_Machine04"]
[Black "IMRosen"]
[Result "0-1"]
[WhiteElo "2272"]
[BlackElo "2534"]
[TimeControl "180+1"]
[EndTime "11:19:47 PDT"]
[Termination "IMRosen won on time"]

1. d4 d5 2. Bf4 c5 3. e3 cxd4 4. exd4 Nc6 5. c3 f6 6. Nf3 g5 7. Be3 Bf5 8. c4 e6 9. Nc3 Nge7 10. Qb3 Qb6 11. cxd5 Qxb3 12. axb3 Nxd5 13. Nxd5 exd5 14. Be2 Bb4+ 15. Bd2 Bxd2+ 16. Kxd2 g4 17. Nh4 Nxd4 18. Nxf5 Nxf5 19. Bxg4 Nd6 20. Rhe1+ Ne4+ 21. Ke3 Kf7 22. f3 h5 23. Bh3 Ng5 24. Bf5 Ne6 25. Rac1 Rac8 26.
Rxc8 Rxc8 27. Kd2 Rc6 28. Bxe6+ Rxe6 29. Rxe6 Kxe6 30. Ke3 Ke5 31. g4 d4+ 32. Kd3 hxg4 33. fxg4 Kf4 34. h3 Kg3 35. Kxd4 Kxh3 36. Kd5 Kxg4 37. Ke6 f5 38. Kd7 f4 39. Kc7 f3 40.
Kxb7 f2 41. Kxa7 f1=Q 42. b4 Qb5 43. Ka8 Qxb4 44. Ka7 Qxb2 0-1

[Event "*** SCC Grand Prix: Titled Tuesday Blitz"]
[Site "Chess.com"]
[Date "2020.07.07"]
[Round "7"]
[White "Al_Shima"]
[Black "orrbaverlekszarnyon"]
[Result "1-0"]
[WhiteElo "2345"]
[BlackElo "2189"]
[TimeControl "180+1"]
[EndTime "11:19:47 PDT"]
[Termination "Al_Shima won by resignation"]

1. b3 Nf6 2. Bb2 g6 3. Bxf6 exf6 4. c4 Bg7 5. Nc3 O-O 6. g3 Nc6 7. Bg2 d6 8. e3 a5 9. Nge2 Re8 10. d4 Bg4 11. h3 Bxe2 12. Nxe2 f5 13. Rb1 Nb4 14. a3 Nc6 15. O-O h5 16. h4 Qe7 17.
Nf4 Nd8 18. b4 axb4 19. axb4 Rb8 20. Qa4 Ne6 21. Nd5 Qd8 22. b5 g5 23. Qd1 gxh4 24.
Qxh5 hxg3 25. Qxf5 Qg5 26. Qxg5 Nxg5 27. Nxc7 gxf2+ 28. Kxf2 Ne4+ 29. Bxe4 Rxe4 30. Kf3 Rh4 31. Nd5 Kf8 32. Rh1 Rxh1 33. Rxh1 Kg8 34. Rg1 Ra8 35. Ne7+ Kf8 36. Nf5 Bf6 37. Nxd6 Ra3 38. Ke4 b6 39. Rf1 Bg5 40. Rxf7+ Kg8 41. Rf3 Be7 42. Nf5 Bf6 43.
Kd5 Kf7 44. Nd6+ Kg6 45. Rg3+ Kh6 46. Nf5+ Kh7 47. e4 Rd3 48. Rxd3 Bg7 49. Nxg7 Kxg7 50.
Rf3 Kg6 51. e5 Kg5 52. e6 Kg4 53. Rf1 Kg3 54. e7 Kg2 55. Rf8 1-0

[Event "*** SCC Grand Prix: Titled Tuesday Blitz"]
[Site "Chess.com"]
[Date "2020.07.07"]
[Round "7"]
[White "Caterpiller35"]
[Black "Diego_FloresQ"]
[Result "1-0"]
[WhiteElo "2384"]
[BlackElo "2479"]
[TimeControl "180+1"]
[EndTime "11:19:48 PDT"]
[Termination "Caterpiller35 won by checkmate"]

1. d4 Nf6 2. Bg5 Ne4 3. Bf4 d5 4. e3 c5 5. Bd3 Nf6 6. c3 Nc6 7. Nd2 Qb6 8. Rb1 Bg4 9. Ngf3 Be6 10. Ne5 Nxe5 11. Bxe5 Nd7 12. Bg3 g6 13. h4 h5 14.
O-O Bg7 15. Nf3 Bg4 16. Be2 O-O 17. Ng5 Bxe2 18. Qxe2 Rad8 19. Rbd1 Qc6 20. Rfe1 Rfe8 21. Qf3 Rf8 22. Rd2 e6 23. Red1 c4 24. e4 f6 25.
exd5 exd5 26. Nh3 Rde8 27. Re2 b5 28. Rde1 Nb6 29. Nf4 Kf7 30. Kh2 Rxe2 31. Rxe2 Bh6 32. Nxh5 Nd7 33. Bf4 Rh8 34. Bxh6 Rxh6 35. Nf4 Rxh4+ 36. Kg3 g5 37. Qxd5+ Qxd5 38. Nxd5 Nb6 39. Ne3 Re4 40. Kf3 Rh4 41. g3 Rh1 42. Nf5 Kg6 43.
g4 Rb1 44. Re7 Rxb2 45. Rg7# 1-0

[Event "*** SCC Grand Prix: Titled Tuesday Blitz"]
[Site "Chess.com"]
[Date "2020.07.07"]
[Round "7"]
[White "yuliagok"]
[Black "diablanni"]
[Result "1/2-1/2"]
[WhiteElo "2120"]
[BlackElo "2297"]
[TimeControl "180+1"]
[EndTime "11:19:48 PDT"]
[Termination "Game drawn by repetition"]

1. d4 Nf6 2. c4 c5 3. d5 b5 4.
cxb5 a6 5. f3 axb5 6. e4 Qa5+ 7.
Bd2 b4 8. Na3 d6 9. Nc4 Qd8 10.
Qc2 e6 11. dxe6 Bxe6 12. Bg5 Nc6 13. Ne2 Be7 14. b3 d5 15. exd5 Nxd5 16. Bxe7 Qxe7 17. Rd1 O-O 18. Kf2 Nc3 19. Nxc3 bxc3 20. Qxc3 Rxa2+ 21. Rd2 Rxd2+ 22. Nxd2 Ra8 23. Bb5 Nd4 24. Bc4 Ra2 25. Re1 Qh4+ 26. Kf1 Qxh2 27. Bxe6 fxe6 28. Qe3 h5 29. Qg5 h4 30. Kf2 h3 31. Qd8+ Kf7 32.
Qd7+ Kg6 33. Rxe6+ Nxe6 34. Qxe6+ Kh7 35. Qf5+ g6 36. Qf7+ Kh6 37. Qf8+ Kg5 38. Qe7+ Kh6 39. Qf8+ Kg5 40. Qe7+ Kh5 41. Qh7+ Kg5 42. Qe7+ 1/2-1/2

[Event "*** SCC Grand Prix: Titled Tuesday Blitz"]
[Site "Chess.com"]
[Date "2020.07.07"]
[Round "7"]
[White "mr65"]
[Black "alfiefischer77"]
[Result "1/2-1/2"]
[WhiteElo "2105"]
[BlackElo "2296"]
[TimeControl "180+1"]
[EndTime "11:19:48 PDT"]
[Termination "Game drawn by repetition"]

1. e4 c5 2. d4 cxd4 3. c3 dxc3 4. Nxc3 Nc6 5. Nf3 e6 6. Bc4 d6 7. O-O Be7 8. Qe2 Nf6 9. Rd1 e5 10. h3 O-O 11. Be3 Be6 12. Rac1 Rc8 13. Nd5 Nxe4 14.
Nxe7+ Qxe7 15. Bxe6 Qxe6 16. Bxa7 d5 17. Bc5 Rfe8 18.
a3 Nxc5 19. Rxc5 d4 20. b4 f6 21. Rdc1 Ne7 22. Nxd4 Rxc5 23. Nxe6 Rxc1+ 24. Kh2 Nd5 25.
Qa2 Rxe6 26. Qxd5 Kf7 27. Qxb7+ Re7 28. Qe4 g6 29. b5 f5 30. Qb4 e4 31. b6 Rc8 32. a4 f4 33. a5 g5 34. a6 e3 35.
fxe3 fxe3 36. b7 Rb8 37. a7 Rbxb7 38. Qxb7 Rxb7 39. a8=Q Re7 40. Qd5+ Kf6 41. Qd4+ Re5 42. Qd6+ Kf5 43. g4+ Kf4 44. Qf6+ Ke4 45. Qc6+ Kf4 46. Qf6+ Ke4 47. Qc6+ Kd4 48. Qd6+ Ke4 49. Qc6+ 1/2-1/2

[Event "*** SCC Grand Prix: Titled Tuesday Blitz"]
[Site "Chess.com"]
[Date "2020.07.07"]
[Round "7"]
[White "teacher4chess"]
[Black "Maaikee"]
[Result "0-1"]
[WhiteElo "2014"]
[BlackElo "2287"]
[TimeControl "180+1"]
[EndTime "11:19:48 PDT"]
[Termination "Maaikee won on time"]

1. d4 e6 2. c4 Nf6 3. Nc3 Bb4 4.
e3 O-O 5. Bd2 c5 6. Bd3 Nc6 7.
Nf3 b6 8. a3 Ba5 9. Qc2 d5 10.
O-O dxc4 11. Bxc4 cxd4 12. b4 Bxb4 13. axb4 Nxb4 14. Qb3 dxc3 15. Bxc3 Nbd5 16. Rfd1 Bb7 17. Bb4 Re8 18. Bb5 a5 19. Bxe8 Qxe8 20. Bd6 Ne4 21.
Bg3 a4 22. Qc4 Nec3 23. Rd4 Ba6 24. e4 Bxc4 25. Rxc4 Ne2+ 26. Kh1 Nxg3+ 27. hxg3 Nf6 28. e5 Nd5 29. Nd4 b5 30. Rc5 b4 31. Nc6 b3 32.
Kh2 b2 33. Rb1 a3 34. Nb4 Nxb4 35. Rc4 a2 36. Rxb2 a1=Q 37. Rbxb4 Qxe5 38. Rh4 Ra1 39. Rbg4 Qe1 0-1

[Event "*** SCC Grand Prix: Titled Tuesday Blitz"]
[Site "Chess.com"]
[Date "2020.07.07"]
[Round "7"]
[White "Julianos82"]
[Black "ketster"]
[Result "0-1"]
[WhiteElo "2253"]
[BlackElo "2430"]
[TimeControl "180+1"]
[EndTime "11:19:49 PDT"]
[Termination "ketster won by resignation"]

1. d4 Nf6 2. Nf3 d5 3. Bf4 c5 4. e3 Nc6 5. c3 Qb6 6. Nbd2 Qxb2 7. Rb1 Qxc3 8. Rc1 Qa3 9. dxc5 Bg4 10. Be2 e6 11. O-O Bxc5 12. Nb3 Bd6 13. Nfd4 Bxe2 14. Qxe2 Bxf4 15. exf4 Nxd4 16. Nxd4 O-O 17. f5 exf5 18. Nxf5 Rfe8 19. Qd2 g6 20. Qd4 Qa6 21. Ne3 Re4 22. Qb2 d4 23. Nc4 Rd8 24. Rfd1 d3 25. h3 Rxc4 26.
Rxc4 Qxc4 27. Qxf6 Qd4 28. Qf3 d2 29. Kh2 Qa4 30. g3 b6 31. h4 Qxa2 32. h5 Qd5 33. Qf6 Qxh5+ 34. Kg2 Qd5+ 35. Kh2 Qd4 36. Qf3 a5 37.
Kh3 a4 38. Kh2 b5 39. g4 b4 40. Kg3 a3 41. Rh1 Qd3 0-1

[Event "*** SCC Grand Prix: Titled Tuesday Blitz"]
[Site "Chess.com"]
[Date "2020.07.07"]
[Round "7"]
[White "EfM13"]
[Black "Kotofeyca"]
[Result "1-0"]
[WhiteElo "2212"]
[BlackElo "2332"]
[TimeControl "180+1"]
[EndTime "11:19:49 PDT"]
[Termination "EfM13 won by checkmate"]

1. e4 c5 2. c3 Nf6 3. e5 Nd5 4. d4 cxd4 5. cxd4 Nc6 6. Nf3 d6 7. Bc4 Nb6 8. Bb5 d5 9. O-O Bg4 10. h3 Bxf3 11. Qxf3 e6 12. Be3 Rc8 13. Nc3 a6 14.
Bd3 Be7 15. Qg4 g6 16. Bh6 Nc4 17. Nd1 Nb4 18. Be2 Qb6 19. b3 Na3 20. Ne3 Nbc2 21.
Nxc2 Nxc2 22. Rac1 Rc6 23. Rfd1 Ba3 24. Rb1 Bb4 25. Qh4 Be7 26. Qf4 a5 27. h4 Na3 28.
Rbc1 Nb5 29. Rxc6 bxc6 30. h5 Nc3 31. Rd2 Nxe2+ 32. Rxe2 Rg8 33. hxg6 hxg6 34. Rc2 Qa6 35. Qd2 Rh8 36. Be3 Bb4 37. Qc1 Kd7 38. a3 Be7 39. Bd2 Qd3 40. Rxc6 Bd8 41. Rd6+ Ke7 42. Bg5+ f6 43. Bxf6+ Kf7 44. Bxh8 Bg5 45. Qxg5 Qd1+ 46. Kh2 Qxd4 47. Qf6+ Kg8 48. Rd8+ Kh7 49. Qg7# 1-0

[Event "*** SCC Grand Prix: Titled Tuesday Blitz"]
[Site "Chess.com"]
[Date "2020.07.07"]
[Round "7"]
[White "VladaSviridova"]
[Black "queen_iryna"]
[Result "1-0"]
[WhiteElo "2138"]
[BlackElo "2240"]
[TimeControl "180+1"]
[EndTime "11:19:49 PDT"]
[Termination "VladaSviridova won by resignation"]

1. d4 d5 2. c4 c6 3. Nf3 Nf6 4. Nc3 e6 5. e3 Nbd7 6. Qc2 Bd6 7.
Bd3 O-O 8. O-O b6 9. b3 Bb7 10. Bb2 Rc8 11. Qe2 Qe7 12. Rad1 c5 13. h3 Bb8 14. Rfe1 e5 15. dxe5 Nxe5 16. Nxe5 Qxe5 17.
f4 Qe6 18. cxd5 Nxd5 19. Nxd5 Bxd5 20. Bxh7+ Kxh7 21. Qh5+ Kg8 22. Qxd5 Qg6 23. Qd3 Qg3 24. Rf1 Bc7 25. Rf3 Qh4 26. Qc3 f6 27. Qc4+ Kh8 28. f5 Qxc4 29. bxc4 Rfd8 30. Rff1 Kg8 31. Kf2 Kf7 32. Kf3 Ke7 33. g4 Rh8 34. Kg2 Rhe8 35. Rd5 Kf7 36. Rd3 Re7 37. Rfd1 Rce8 38. Kf3 Rh8 39. Rh1 Rhe8 40. h4 Rh8 41. h5 a6 42.
a4 Ke8 43. Rhd1 Kf7 44. Rd7 Re8 45. Rxe7+ Rxe7 46. Rd5 Ke8 47. Bc3 Rd7 48. Rxd7 Kxd7 49. Bxf6 Ke8 50. Bxg7 Kf7 51. Bc3 Bd6 52. g5 Be7 53. Kg4 Bd6 54. h6 Kg8 55. g6 b5 56.
axb5 axb5 57. cxb5 c4 58. h7+ 1-0

[Event "*** SCC Grand Prix: Titled Tuesday Blitz"]
[Site "Chess.com"]
[Date "2020.07.07"]
[Round "7"]
[White "Angel_Hranitel_37"]
[Black "shnitez"]
[Result "0-1"]
[WhiteElo "2379"]
[BlackElo "2511"]
[TimeControl "180+1"]
[EndTime "11:19:50 PDT"]
[Termination "shnitez won by resignation"]

1. d4 Nf6 2. Nf3 e6 3. c4 b6 4. g3 Bb7 5. Bg2 Be7 6. O-O O-O 7. Nc3 Ne4 8. Qc2 Nxc3 9. Qxc3 Bf6 10. Qc2 g6 11. b3 d6 12. Bb2 Nd7 13. e4 Qe7 14. Rad1 Rac8 15. Rd2 Bg7 16. Rfd1 Rfd8 17. Qc1 Bh6 18. d5 e5 19. Ne1 Bxd2 20. Qxd2 c6 21. dxc6 Rxc6 22. Nd3 Rcc8 23. Nb4 Nc5 24. Nd5 Bxd5 25.
exd5 f6 26. Bh3 Rc7 27. Bc1 Rf8 28. Qc2 Qe8 29. Bh6 Rff7 30. b4 Qa4 31. Qxa4 Nxa4 32.
Rc1 f5 33. Bg5 Kg7 34. Rc2 h6 35. Be3 Rf8 36. Bf1 g5 37. f4 Kf6 38. fxg5+ hxg5 39. h4 gxh4 40. gxh4 f4 41. Bf2 e4 42. Bh3 e3 43. Be1 Ke5 44. c5 bxc5 45. bxc5 Rxc5 46. Rxc5 Nxc5 47. Bg2 f3 48. Bc3+ Ke4 49. Bh3 Nd3 50. Kf1 e2+ 51. Kg1 f2+ 52. Kh2 f1=Q 53. Bxf1 exf1=Q 54.
Be1 0-1

[Event "*** SCC Grand Prix: Titled Tuesday Blitz"]
[Site "Chess.com"]
[Date "2020.07.07"]
[Round "7"]
[White "Stosk"]
[Black "BabyBoss31"]
[Result "1-0"]
[WhiteElo "2370"]
[BlackElo "2212"]
[TimeControl "180+1"]
[EndTime "11:19:50 PDT"]
[Termination "Stosk won by resignation"]

1. e4 e6 2. d4 d5 3. Nc3 Nf6 4. e5 Nfd7 5. f4 c5 6. Nce2 Nc6 7. c3 a6 8. f5 exf5 9. Nf4 cxd4 10. cxd4 Bb4+ 11.
Bd2 Qa5 12. Nf3 h6 13. h4 Nf8 14. a3 Bxd2+ 15. Qxd2 Qxd2+ 16. Kxd2 Be6 17. Be2 Rg8 18.
h5 Ke7 19. Ke3 Nd7 20. Rac1 Rac8 21. Bd3 Nf8 22. Nh4 g6 23. hxg6 fxg6 24. g4 g5 25.
Nxe6 gxh4 26. Nxf8 f4+ 27. Kxf4 Rcxf8+ 28. Bf5 Nxd4 29. Rc7+ Kd8 30. Rd7+ Ke8 31. Rxb7 Rg5 32. Rb8+ Ke7 33. Rxf8 Kxf8 34. Rxh4 Kg7 35. Rh1 Ne2+ 36. Ke3 Ng3 37. Rc1 Nxf5+ 38. gxf5 Rxf5 39. Kd4 Rf2 40. Kxd5 Rxb2 41.
Rc7+ Kf8 42. Ke6 Rb6+ 43. Kf5 a5 44. e6 Ke8 45. Kf6 Rb8 46. Rh7 Kd8 47. Rh8+ Kc7 48.
Rxb8 Kxb8 1-0

[Event "*** SCC Grand Prix: Titled Tuesday Blitz"]
[Site "Chess.com"]
[Date "2020.07.07"]
[Round "7"]
[White "tamarozi99"]
[Black "kidagent"]
[Result "0-1"]
[WhiteElo "1979"]
[BlackElo "2225"]
[TimeControl "180+1"]
[EndTime "11:19:50 PDT"]
[Termination "kidagent won by checkmate"]

1. e4 c5 2. Nf3 d6 3. d4 cxd4 4.
Nxd4 Nf6 5. Nc3 a6 6. Be3 e5 7. Nb3 Be7 8. Qd2 Be6 9. g3 b5 10. Bg2 O-O 11. O-O-O Nbd7 12. f4 Rc8 13. Kb1 b4 14.
Nd5 Nxd5 15. exd5 Bf5 16. Rc1 a5 17. fxe5 Nxe5 18. Bf1 Bf6 19. Nd4 Be4 20. Rg1 Bxd5 21. Nb5 Be6 22. Qxd6 Nc4 23. Qxd8 Rfxd8 24. Bxc4 Bxc4 25.
a4 bxa3 26. Nxa3 Be6 27. c3 Rb8 28. Ka1 Rb3 29. Rgd1 Rdb8 30. Rd2 h6 31. Bd4 Bg5 32. Rdc2 Bxc1 33. Rxc1 R3b7 34. Rc2 Rb3 35. Rf2 R3b7 36. h4 Rd8 37. Nc2 Bb3 38. Ne3 Rbd7 39. Nf5 f6 40. h5 Be6 41. Nh4 Bf7 42. g4 Rxd4 43.
cxd4 Rxd4 44. Rg2 Be6 45. Ng6 Rd1# 0-1

[Event "*** SCC Grand Prix: Titled Tuesday Blitz"]
[Site "Chess.com"]
[Date "2020.07.07"]
[Round "7"]
[White "Orest_Vovk"]
[Black "KaterynaLagno"]
[Result "1-0"]
[WhiteElo "2538"]
[BlackElo "2744"]
[TimeControl "180+1"]
[EndTime "11:19:51 PDT"]
[Termination "Orest_Vovk won by resignation"]

1. h4 e5 2. h5 d5 3. h6 Nxh6 4. d4 exd4 5. Bxh6 gxh6 6. Qxd4 Rg8 7. Nc3 Nc6 8. Qxd5 Be6 9. Qxd8+ Rxd8 10. Rd1 Bg7 11.
Rxd8+ Kxd8 12. e3 Nb4 13. Rh4 a5 14. Kd2 Ke7 15. a3 Rd8+ 16. Bd3 Nxd3 17. cxd3 Bf5 18. e4 Be6 19. Nge2 c6 20. f4 b5 21. f5 Bf6 22.
Rh3 Bc4 23. Kc2 b4 24. axb4 axb4 25. dxc4 bxc3 26. Nxc3 Bg5 27. Rd3 Ra8 28. b4 Ra1 29. b5 cxb5 30. cxb5 Rg1 31. g3 h5 32. b6 Rg2+ 33. Kb3 Bc1 34. Na4 h4 35. b7 Bf4 36.
gxf4 Rg8 37. Nc5 Rb8 38. Kc4 h3 39. Rxh3 Kd6 40. Kb5 Rf8 41. Rxh7 Ke7 42. Kb6 Kd6 43. e5+ Kd5 44. Nd7 Rd8 45. b8=Q Rxb8+ 46. Nxb8 1-0

[Event "*** SCC Grand Prix: Titled Tuesday Blitz"]
[Site "Chess.com"]
[Date "2020.07.07"]
[Round "7"]
[White "tsvet2005"]
[Black "albi1999"]
[Result "1-0"]
[WhiteElo "2639"]
[BlackElo "2479"]
[TimeControl "180+1"]
[EndTime "11:19:51 PDT"]
[Termination "tsvet2005 won by resignation"]

1. d4 d5 2. c4 e6 3. Nc3 Nf6 4. cxd5 Nxd5 5. e4 Nxc3 6. bxc3 c5 7. Rb1 Be7 8. Nf3 O-O 9. Be2 b6 10. d5 exd5 11. exd5 Bf6 12. c4 Bf5 13. Rb3 Na6 14. a3 Nc7 15. O-O Ne8 16. Bf4 Nd6 17. Bd3 Bxd3 18.
Qxd3 Re8 19. Rbb1 Qd7 20. Rbe1 Qf5 21. Qxf5 Nxf5 22. g4 Nd4 23. Kg2 Nc2 24. Rxe8+ Rxe8 25. g5 Bb2 26. a4 Na3 27. Nd2 Bc3 28. Rc1 Bxd2 29.
Bxd2 Re4 30. d6 Kf8 31. Kf3 Rxc4 32. Re1 Rd4 33. Bf4 Nc4 34. Re7 Nxd6 35. Rxa7 Nc4 36. Rb7 Rd3+ 37. Ke2 Ra3 38. Ra7 Nb2 39. Bd6+ Ke8 40.
Re7+ Kd8 41. Rxf7 Nc4 42. Bc7+ Kc8 43. Rxg7 Rxa4 44. Bg3 Ra3 45. Rxh7 Kd8 46. g6 Ke8 47. Rh8+ Ke7 48. g7 1-0

[Event "*** SCC Grand Prix: Titled Tuesday Blitz"]
[Site "Chess.com"]
[Date "2020.07.07"]
[Round "7"]
[White "Sanan_Sjugirov"]
[Black "Oleksandr_Bortnyk"]
[Result "1/2-1/2"]
[WhiteElo "2836"]
[BlackElo "2929"]
[TimeControl "180+1"]
[EndTime "11:19:52 PDT"]
[Termination "Game drawn by repetition"]

1. d4 Nf6 2. c4 b6 3. f3 Bb7 4. e4 d6 5. Nc3 e5 6. d5 Be7 7. Be3 a5 8. Qd2 Na6 9. Nge2 h5 10. h4 Nd7 11. g3 Ndc5 12. Nc1 Bc8 13. Nd3 Bd7 14. Nxc5 Nxc5 15. O-O-O a4 16. Kb1 f5 17.
Bh3 Qc8 18. Bxc5 bxc5 19. Bxf5 Bxf5 20. exf5 Qxf5+ 21. Qd3 Qxd3+ 22. Rxd3 Kd7 23. Ne4 Rab8 24. Kc2 Rb4 25. Rc3 Rhb8 26. Rb1 g6 27. b3 axb3+ 28. Rbxb3 Ra8 29. a3 Rba4 30. Kd3 R4a7 31. Kc2 c6 32. dxc6+ Kxc6 33. Kb2 Ra4 34. Rc2 Bd8 35. Ka2 Ba5 36. Kb2 Bd8 37. Rd3 Be7 38. Ka2 Rb8 39. Rb3 Rba8 40.
Nd2 Bd8 41. Ne4 Be7 42. Rd3 Rf8 43. Nd2 Rg8 44. Rb3 Rga8 45. Ne4 Rf8 46. Rd3 Rg8 47.
Rb3 Rga8 1/2-1/2

[Event "*** SCC Grand Prix: Titled Tuesday Blitz"]
[Site "Chess.com"]
[Date "2020.07.07"]
[Round "7"]
[White "Sharpchess22"]
[Black "MashaFromRussia"]
[Result "0-1"]
[WhiteElo "2679"]
[BlackElo "2450"]
[TimeControl "180+1"]
[EndTime "11:19:52 PDT"]
[Termination "MashaFromRussia won on time"]

1. d4 Nf6 2. Bg5 c5 3. d5 Qb6 4. Bxf6 gxf6 5. Qc1 Bg7 6. Nd2 f5 7. c3 d6 8. e3 Nd7 9. Nh3 Ne5 10. Nf4 Qd8 11.
Be2 e6 12. O-O Qg5 13. Nf3 Nxf3+ 14. Bxf3 Be5 15. Qd2 O-O 16. Rad1 Kh8 17. g3 Rb8 18. Bg2 b5 19. Ne2 Qg4 20. f4 Bg7 21. Bf3 Qg6 22. dxe6 Bxe6 23. Qxd6 b4 24. cxb4 Rxb4 25. b3 h5 26.
Qxc5 Rb6 27. Qc7 Ra6 28. Rd2 h4 29. Qb7 Ra5 30. Qe7 hxg3 31. hxg3 Bh6 32. Kf2 Rg8 33. Rh1 Kh7 34. Rh3 Rb5 35. Rd8 Rxd8 36. Qxd8 Rc5 37.
Qd1 a5 38. Nd4 Rc3 39. Be2 a4 40. bxa4 Bxa2 0-1

[Event "*** SCC Grand Prix: Titled Tuesday Blitz"]
[Site "Chess.com"]
[Date "2020.07.07"]
[Round "7"]
[White "turayev_shahruh17"]
[Black "GM4life"]
[Result "0-1"]
[WhiteElo "2470"]
[BlackElo "2373"]
[TimeControl "180+1"]
[EndTime "11:19:53 PDT"]
[Termination "GM4life won by checkmate"]

1. d4 Nf6 2. c4 g6 3. g3 Bg7 4. Bg2 O-O 5. Nc3 c5 6. d5 d6 7. Nf3 a6 8. a4 e6 9. O-O Re8 10. Re1 Qc7 11. Bg5 exd5 12. Bxf6 Bxf6 13. Nxd5 Qd8 14. Nxf6+ Qxf6 15. Qd2 Nc6 16. Rad1 Rd8 17. Ng5 Nd4 18. e3 Nc6 19. Ne4 Qe5 20. f4 Qe7 21.
Nc3 Bg4 22. Nd5 Qe6 23. Nc7 Qf6 24. Nxa8 Bxd1 25. Nc7 Bxa4 26. Nd5 Qg7 27. g4 Bb3 28. Bf1 Nb4 29. Nc3 Qf6 30. g5 Qe6 31. Qe2 Nc2 32. Rc1 Qxe3+ 33. Qxe3 Nxe3 34. Kf2 Nxc4 35. Nd5 Nd2 36.
Nf6+ Kg7 37. Bg2 b5 38. Ke3 Nc4+ 39. Kd3 Nb6 40. Ra1 Na4 41. Bb7 c4+ 42. Kd2 Nc5 43. Bd5 h6 44. h4 hxg5 45. hxg5 Rh8 46. Kc3 Rh3+ 47. Kb4 Rh2 48. Ka3 a5 49. Bxc4 b4# 0-1